 Dungeon Crawl Stone Soup version 0.28.0-45-g0d030f2227 (webtiles) character file.

Game seed: 16333815495639026951

8 McKennaii the Conjurer (level 2, 19/19 HPs)
             Began as a Demonspawn Conjurer on Apr 14, 2022.
             Quit the game on level 1 of the Dungeon.
             The game lasted 00:00:07 (283 turns).

McKennaii the Conjurer (Demonspawn Conjurer)         Turns: 283, Time: 00:00:08

Health: 19/19      AC:  2    Str:  7    XL:     2   Next: 0%
Magic:  1/5        EV: 12    Int: 19    God:
Gold:   26         SH:  0    Dex: 11    Spells: 4/5 levels left

rFire   . . .      SeeInvis .   (no weapon)
rCold   . . .      Faith    .   (no shield)
rNeg    . . .      Spirit   .   a - +0 robe
rPois   .          Reflect  .   (no helmet)
rElec   .          Harm     .   (no cloak)
rCorr   .          Rampage  .   (no gloves)
Will    .....                   (no boots)
Stlth   ++........              (no amulet)
HPRegen 0.06/turn               (no ring)
MPRegen 0.09/turn               (no ring)

@: no status effects
A: spiny 1
a: no special abilities


You were on level 1 of the Dungeon.
You visited 1 branch of the dungeon, and saw 1 of its levels.

You collected 26 gold pieces.

Inventory:

Armour
 a - a +0 robe (worn)
Potions
 b - a potion of heal wounds {unknown}


   Skills:
 - Level 1.7 Dodging
 - Level 1.7 Stealth
 + Level 2.3 Spellcasting
 + Level 4.2 Conjurations


You had 4 spell levels left.
You knew the following spells:

 Your Spells              Type           Power      Damage    Failure   Level
a - Magic Dart            Conj           72%        1d6       3%          1

Your spell library contained the following spells:

 Spells                   Type           Power      Damage    Failure   Level
 Searing Ray              Conj           36%        2d5       4%          2
 Dazzling Flash           Conj/Hex       20%        N/A       21%         3
 Fulminant Prism          Conj/Hex       5%         3d7       56%         4
 Iskenderun's Mystic Bla  Conj/Tloc      10%        2d4       56%         4


Dungeon Overview and Level Annotations

Branches:
Dungeon (1/15)

Altars:


Innate Abilities, Weirdness & Mutations

You are partially covered in sharp spines.


Message History

A rat comes into view.
The magic dart hits the rat.
You kill the rat!
Key pressed, stopping explore.
You can't see any susceptible monsters within range! (Use Z to cast anyway.) Key pressed, stopping explore.
You can't see any susceptible monsters within range! (Use Z to cast anyway.)
Found a chain mail.
You can't see any susceptible monsters within range! (Use Z to cast anyway.)
A goblin comes into view. It is wielding a +0 dagger.
The magic dart hits the goblin.
You kill the goblin!
Found a stone staircase leading down.
Things that are here:
a +0 dagger; a goblin corpse You can't see any susceptible monsters within range! (Use Z to cast anyway.)
You open the door.
There is an open door here.
You open the door. You open the door.
There is an open door here.
There is an open door here.
You open the door.
There is an open door here.
A rat comes into view.
The magic dart hits the rat.
You kill the rat!
Found a leather armour.
You can't see any susceptible monsters within range! (Use Z to cast anyway.)
You now have 26 gold pieces (gained 9).
A quokka comes into view.
The magic dart hits the quokka.
The quokka is heavily wounded.
A quokka is nearby!
The magic dart hits the quokka.
You kill the quokka!
You have reached level 2!
Your demonic ancestry asserts itself...
Sharp spines emerge from parts of your body.
Are you sure you want to abandon this character and quit the game? (Confirm with "yes".)

#.......##.# #.# #.
#....##.######.# #.
#..............# #.
#...############ #.
###.# #########
#.####.# #.......#
#......####..[....#
##.[.....##†......#
#@###.#.##...#####
#.###.#.##..#.###
#.##..#.##..##..##
#.##.#......####..
#.##.#..##### ###
#.......# ###..
####.#.## ##..##
#.#..## #.###
#.#...## ###


There were no monsters in sight!

Vanquished Creatures
  A goblin (D:1)
  2 quokkas (D:1)
  2 ball pythons (D:1)
  3 rats (D:1)
8 creatures vanquished.

Notes
Turn   | Place    | Note
-------+----------+-------------------------------------------
     0 | D:1      | McKennaii the Demonspawn Conjurer began the quest for the
                  | Orb.
     0 | D:1      | Reached XP level 1. HP: 13/13 MP: 3/3
   283 | D:1      | Gained mutation: You are partially covered in sharp spines.
                  | [demonic ancestry]
   283 | D:1      | Reached XP level 2. HP: 19/19 MP: 1/5
   283 | D:1      | Quit the game

Illustrated notes

Levels and vault maps discovered:
D:1:      dpeg_arrival_radiant, layout_loops_cross, basic_ecumenical_altar

Action                   || total
-------------------------++-------
 Cast: Magic Dart        ||    11
